 Dungeon Crawl Stone Soup version 0.28-a0-1387-g3a22ab9bdc (webtiles) character file.

Game seed: 14449042769611857889

8810 blank1 the Thaumaturge (level 11, -8/60 HPs)
             Began as a Deep Elf Fire Elementalist on Jan 3, 2022.
             Was a Priest of Vehumet.
             Mangled by a manticore (9 damage)
             ... on level 9 of the Dungeon.
             The game lasted 00:52:55 (12999 turns).

blank1 the Thaumaturge (DEFE)                      Turns: 12999, Time: 00:52:56

Health: -8/60      AC:  9    Str:  5    XL:     11   Next: 14%
Magic:  1/28       EV: 16    Int: 23    God:    Vehumet [***...]
Gold:   482        SH:  0    Dex: 17    Spells: 19/32 levels left

rFire   + + .      SeeInvis .   B - +1 dagger (venom)
rCold   + . .      Faith    .   (no shield)
rNeg    . . .      Spirit   .   l - +1 leather armour of Baur {rF++}
rPois   +          Reflect  .   i - +0 helmet
rElec   .          Harm     .   u - +2 cloak {rCorr}
rCorr   +          Rampage  .   j - +0 pair of gloves
Will    +....                   (no boots)
Stlth   ++++......              p - amulet of regeneration
HPRegen 1.00/turn               h - ring of protection from cold
MPRegen 0.21/turn               b - ring of poison resistance

@: about to teleport, studying Polearms
A: no striking features
a: Renounce Religion


You were on level 9 of the Dungeon.
You worshipped Vehumet.
Vehumet was most pleased with you.
You visited 2 branches of the dungeon, and saw 10 of its levels.
You also visited: Bailey.

You collected 482 gold pieces.

Inventory:

Hand Weapons
 o - a +3 spear
 B - a +1 dagger of venom (weapon)
Missiles
 c - 3 throwing nets
Armour
 i - a +0 helmet (worn)
 j - a +0 pair of gloves (worn)
 l - the +1 leather armour of Baur (worn) {rF++}
   (You found it on level 2 of the Dungeon)

   rF:        It greatly protects you from fire.
 u - a +2 cloak of preservation (worn)
Jewellery
 b - a ring of poison resistance (right hand)
 h - a ring of protection from cold (left hand)
 p - an amulet of regeneration (around neck)
Wands
 g - a wand of charming (6)
 n - a wand of paralysis (7)
 q - a wand of mindburst (46)
 z - a wand of acid (5)
Scrolls
 r - 3 scrolls of teleportation
 t - a scroll of brand weapon
 v - a scroll of enchant weapon
 w - a scroll of fog
 y - a scroll of magic mapping
 A - a scroll of torment {unknown}
Potions
 a - 3 potions of flight
 d - a potion of haste
 e - a potion of magic
 f - 2 potions of curing {unknown}
 k - 3 potions of heal wounds {unknown}
 m - a potion of ambrosia
 s - 2 potions of brilliance
 x - a potion of might
 C - 2 potions of degeneration {unknown}


   Skills:
 + Level 3.2 Fighting
 - Level 2.0 Armour
 - Level 10.0 Dodging
 - Level 10.0 Stealth
 + Level 11.1 Spellcasting
 - Level 7.0 Conjurations
 - Level 8.0 Fire Magic
 - Level 2.0 Earth Magic
 - Level 2.0 Evocations


You had 19 spell levels left.
You knew the following spells:

 Your Spells              Type           Power      Damage    Failure   Level
a - Foxfire               Conj/Fire      100%       2x1d9     1%          1
b - Scorch                Fire           98%        2d10      1%          2
c - Conjure Flame         Conj/Fire      47%        6-21      1%          3
d - Flame Wave            Conj/Fire      47%        2d8       1%          4
e - Stone Arrow           Conj/Erth      66%        3d11      1%          3

Your spell library contained the following spells:

 Spells                   Type           Power      Damage    Failure   Level
 Frozen Ramparts          Ice            24%        1d4       7%          3
 Static Discharge         Conj/Air       28%        N/A       1%          2
 Inner Flame              Hex/Fire       31%        N/A       1%          3
 Sticky Flame             Conj/Fire      47%        2d6       1%          4
 Animate Skeleton         Necr           24%        N/A       9%          1
 Pain                     Necr           48%        1d6       9%          1
 Vampiric Draining        Necr           12%        2d6       24%         3
 Conjure Ball Lightning   Conj/Air       14%        3x3d6     56%         6
 Dispel Undead            Necr           12%        3d9       63%         4
 Discord                  Hex            6%         N/A       100%        8
 Disjunction              Tloc           6%         N/A       100%        8


Dungeon Overview and Level Annotations

Branches:
Dungeon (9/15)             Temple (1/1) D:4            Lair (0/6) D:8
    Orc (0/2) D:9          Bailey (visited)

Altars:
Ashenzari
Cheibriados
Dithmenos
Elyvilon
Fedhas
Hepliaklqana
Kikubaaqudgha
Nemelex Xobeh
Okawaru
Qazlal
Ru
Sif Muna
Trog
Uskayaw
Vehumet
Wu Jian
Xom
Yredelemnul
Zin

Shops:
D:1 *   D:8 (

Annotations:
D:5 3 runed translucent doors, croobank's ghost, novice FeBe


Message History

The manticore claws you but does no damage.
The manticore misses you.
Casting: Scorch (safe; 1% risk of failure)
Confirm with . or Enter, or press ? or * to list all spells.
Flames lash the bullfrog.
The bullfrog is almost dead.
The bullfrog's fire resistance burns away.
A deep elf pyromancer comes into view. It is wielding a +0 short sword.
The manticore misses you. The manticore completely misses you. x2
Casting: Scorch (safe; 1% risk of failure)
Confirm with . or Enter, or press ? or * to list all spells.
Flames lash the four-headed hydra.
The four-headed hydra is burned terribly!
The four-headed hydra is severely wounded.
The slime creature is no longer more vulnerable to fire.
The deep elf pyromancer casts a spell.
The deep elf pyromancer blinks!
The manticore closely misses you. The manticore claws you!
* * * LOW HITPOINT WARNING * * *
The manticore closely misses you.
Casting: Scorch (safe; 1% risk of failure)
Confirm with . or Enter, or press ? or * to list all spells.
Flames lash the four-headed hydra.
The four-headed hydra is burned terribly!
The four-headed hydra is almost dead.
The manticore bites you but does no damage.
The manticore closely misses you. The manticore claws you.
* * * LOW HITPOINT WARNING * * *
Casting: Scorch (safe; 1% risk of failure)
Confirm with . or Enter, or press ? or * to list all spells.
You don't have enough magic to cast this spell.
Unknown command.
Unknown command.
As you read the scroll of teleportation, it crumbles to dust.
You feel strangely unstable.
A kobold brigand comes into view.
It is wielding a +0 dagger of draining and quivering curare-tipped darts.
The manticore bites you!
* * * LOW HITPOINT WARNING * * *
The manticore completely misses you. The manticore claws you!
You die...

......## #.. .......## ..
#..# ........# .# ## #.###
........# ..#. #. #
........#. .#K # ..........
FJ ..o.y.. ........# #D
#.##..# ........# # #H## ###
.# #.#.# ........#
.####@###.## .# # # #
##.....## #.#.###.#...#.# #
.#....## #.#.#.###.....#
.#...## #.#.#.#.####.### #
.#...# #.#.#.#.#.#.....#.#
.#...##.#.#.#.#.##.....#.#.#
#R#.
.#.....#.#.#.#.#..##.##.....
:...
.#...##.#.#.#.#.##.....#.#.#
.#...#.#.#.#.#.# #.....#.#
#. .#


You could see a four-headed hydra (combustible), a slime creature, a manticore
(combustible), a kobold brigand and a bullfrog (combustible).

Vanquished Creatures
  3 death yaks (D:8)
  A two-headed ogre (D:9)
  2 manticores
  2 trolls
  Grinder (D:3)
  A shadow (D:9)
  11 yaks
  A water moccasin (D:7)
  2 ice beasts
  2 orc warriors
  2 black bears
  The ghost of Adrian566 the Covered, an amateur DsFi (D:3)
  4 centaurs
  2 necrophages
  3 phantoms
  A kobold brigand (D:9)
  6 bullfrogs
  3 scorpions
  A water moccasin skeleton (D:4)
  A killer bee (D:8)
  4 wights (D:9)
  A howler monkey (D:9)
  5 centaur zombies (D:9)
  A jelly (D:6)
  2 bullfrog skeletons
  A gnoll shaman (D:3)
  2 orc priests (D:3)
  5 hounds
  4 iguanas
  6 orc wizards
  A killer bee zombie (D:8)
  10 gnolls
  6 adders
  3 shadow imps
  A white imp (D:6)
  3 ufetubi
  2 worms
  5 dart slugs
  34 orcs
  8 endoplasms
  A giant cockroach (D:2)
  10 goblins
  5 hobgoblins
  2 jackals (D:1)
  5 kobolds
  5 quokkas
  10 ball pythons
  10 bats
  7 frilled lizards
  5 rats
214 creatures vanquished.

Vanquished Creatures (others)
  577 foxfires
  6 plants (D:3)
583 creatures vanquished.

Grand Total: 797 creatures vanquished

Notes
Turn   | Place    | Note
-------+----------+-------------------------------------------
     0 | D:1      | blank1 the Deep Elf Fire Elementalist began the quest for
                  | the Orb.
     0 | D:1      | Reached XP level 1. HP: 10/10 MP: 6/6
   129 | D:1      | Found Qarph's General Store.
   213 | D:1      | Reached XP level 2. HP: 15/15 MP: 2/8
   632 | D:1      | Found a faded altar of an unknown god.
  1089 | D:2      | Learned a level 2 spell: Scorch
  1166 | D:2      | Reached XP level 3. HP: 19/19 MP: 5/9
  1483 | D:2      | Noticed a scorpion
  1491 | D:2      | Killed a scorpion
  1492 | D:2      | Reached skill level 4 in Spellcasting
  1492 | D:2      | Reached XP level 4. HP: 24/24 MP: 3/12
  1496 | D:2      | Learned a level 3 spell: Conjure Flame
  2153 | D:2      | Reached XP level 5. HP: 24/28 MP: 8/13
  2434 | D:2      | Identified the +1 leather armour of Baur {rF++}
  2821 | D:3      | Noticed Grinder
  2829 | D:3      | Killed Grinder
  2830 | D:3      | Reached skill level 1 in Armour
  2830 | D:3      | Reached skill level 5 in Dodging
  2830 | D:3      | Reached skill level 5 in Spellcasting
  2830 | D:3      | Reached XP level 6. HP: 33/33 MP: 1/15
  3290 | D:3      | Found a transporter.
  3290 | D:3      | Found a transporter.
  3327 | D:3      | Reached skill level 1 in Fighting
  3336 | D:3      | Noticed Adrian566's ghost (amateur DsFi)
  3771 | D:3      | Found a shadowy altar of Dithmenos.
  3816 | D:3      | Reached skill level 5 in Fire Magic
  4251 | D:4      | Reached XP level 7. HP: 38/38 MP: 8/16
  4647 | D:4      | Found a staircase to the Ecumenical Temple.
  4654 | Temple   | Entered the Ecumenical Temple
  4715 | Temple   | Became a worshipper of Vehumet
  4772 | D:4      | Reached skill level 5 in Stealth
  4872 | D:4      | Learned a level 4 spell: Flame Wave
  5378 | D:5      | Entered Level 5 of the Dungeon
  5389 | D:5      | Reached skill level 6 in Spellcasting
  5581 | D:5      | Found a runed translucent gate.
  5582 | D:5      | Found a runed translucent gate.
  5583 | D:5      | Found a runed translucent gate.
  5584 | D:5      | Noticed croobank's ghost (novice FeBe)
  5648 | D:5      | Found an ancient bone altar of Kikubaaqudgha.
  5737 | D:5      | Reached XP level 8. HP: 43/43 MP: 11/19
  6992 | D:3      | Killed Adrian566's ghost
  6993 | D:3      | Reached skill level 7 in Spellcasting
  7648 | D:6      | Reached * piety under Vehumet
  7648 | D:6      | Offered knowledge of Magic Dart by Vehumet.
  7684 | D:6      | Found a glowing silver altar of Zin.
  7819 | D:6      | Found a blossoming altar of Fedhas.
  7968 | D:6      | Found a shimmering blue altar of Sif Muna.
  8167 | D:6      | Found an iron altar of Okawaru.
  8529 | D:7      | Reached XP level 9. HP: 48/48 MP: 14/21
  8987 | D:8      | Found a flagged portal.
  8999 | Bailey   | Entered a bailey
  9121 | Bailey   | Reached ** piety under Vehumet
  9121 | Bailey   | Offered knowledge of Searing Ray by Vehumet.
  9259 | Bailey   | Noticed an orc knight
  9370 | D:8      | Found Ojijyxot's Antique Weapon Shop.
  9382 | D:8      | Reached skill level 1 in Evocations
  9455 | D:8      | Noticed a manticore
  9487 | D:8      | Noticed a death yak
  9528 | D:8      | Noticed a troll
  9541 | D:8      | Killed a troll
  9643 | D:8      | Found a sacrificial altar of Ru.
  9708 | D:8      | Killed a manticore
  9709 | D:8      | Reached skill level 8 in Spellcasting
  9709 | D:8      | Reached skill level 5 in Conjurations
  9808 | D:8      | Found a stormy altar of Qazlal.
  9923 | D:8      | Noticed a death yak
  9926 | D:8      | Noticed a death yak
 10148 | D:8      | Killed a death yak
 10149 | D:8      | Reached skill level 9 in Spellcasting
 10149 | D:8      | Reached XP level 10. HP: 54/54 MP: 9/25
 10266 | D:8      | Found a staircase to the Lair.
 10705 | D:8      | Killed a death yak
 10980 | D:8      | Offered knowledge of Stone Arrow by Vehumet.
 10985 | D:8      | Learned a level 3 spell: Stone Arrow
 11161 | D:8      | Reached skill level 10 in Spellcasting
 11538 | D:8      | Killed a death yak
 11958 | D:9      | Noticed a centaur warrior
 11974 | D:8      | Reached skill level 10 in Dodging
 11974 | D:8      | Reached skill level 10 in Stealth
 12171 | D:9      | Reached *** piety under Vehumet
 12221 | D:9      | Noticed a two-headed ogre
 12231 | D:9      | Killed a two-headed ogre
 12241 | D:9      | Reached XP level 11. HP: 54/60 MP: 7/27
 12505 | D:9      | Found a shimmering altar of Xom.
 12595 | D:9      | Reached skill level 11 in Spellcasting
 12723 | D:9      | Found a staircase to the Orcish Mines.
 12809 | D:9      | Offered knowledge of Frozen Ramparts by Vehumet.
 12987 | D:9      | Noticed a four-headed hydra
 12996 | D:9      | Noticed a deep elf pyromancer
 12999 | D:9      | HP: 1/60 [manticore (16)]
 12999 | D:9      | Mangled by a manticore

Illustrated notes

Levels and vault maps discovered:
D:1:      sevenhm_arrival_forest_fort_large_4, layout_rooms,
          hellmonk_ecumenical_altar_arch_garden, serial_shops, shop,
          minivault_11
D:2:      layout_basic
D:3:      layout_rooms, lemuel_doored_altar, gammafunk_ghost_gnarly_gnolls,
          uniq_grinder
D:4:      layout_cave_pods, temple_green
D:5:      layout_loops_ring, kiku_gazebo_pond_becter, gammafunk_ghost_necromancy
D:6:      layout_rooms, mainiacjoe_overflow_brackets, mainiacjoe_overflow_paths,
          mainiacjoe_overflow_surrounded_room, old_standard_altar
D:7:      layout_rooms
D:8:      layout_basic, lemuel_tele_altar, nicolae_overflow_crystal_walls,
          dpeg_lair_monsters, enter_bailey_3, nicolae_stop_n_shop_2,
          st_stairs_11
D:9:      minmay_the_grid_octo_tiled_octocenter [minmay_the_grid_octo_clover_2,
          minmay_the_grid_octo_checkered, minmay_the_grid_octo_teeth,
          minmay_the_grid_octo_fat_diamond,
          minmay_the_grid_octo_prize_ultimate_mussel_roller,
          minmay_the_grid_square_5x5_spiral, minmay_the_grid_square_5x5_bridge,
          minmay_the_grid_square_5x5_beaten_path,
          minmay_the_grid_square_5x5_shuriken], layout_irregular_city, tgw_xom,
          orc_0_dummy
Temple:   jpeg_temple_alley_garden

Skill      XL: |  1  2  3  4  5  6  7  8  9 10 11 |
---------------+----------------------------------+-----
Stealth        | 3 4 5 7 9 10 | 10.0
Dodging        | 4 5 6 7 8 10 | 10.0
Spellcasting   | 4 5 6 7 9 10 11 | 11.1
Conjurations   | 2 4 5 7 |  7.0
Fire Magic     | 4 5 6 7 8 |  8.0
Armour         | 1 2 |  2.0
Fighting       | 1 2 3 |  3.2
Evocations     | 2 |  2.0
Earth Magic    | 2 |  2.0

Action                   |  1- 3 |  4- 6 |  7- 9 | 10-12 || total
-------------------------+-------+-------+-------+-------++-------
Melee: Dagger            |     9 |     3 |     2 |     1 ||    15
 Cast: Foxfire           |    64 |    93 |   171 |    17 ||   345
       Scorch            |     2 |    19 |   105 |   137 ||   263
       Conjure Flame     |       |     1 |     9 |    10 ||    20
       Flame Wave        |       |       |       |     2 ||     2
       Stone Arrow       |       |       |       |     1 ||     1
  Use: Scroll            |     1 |       |    10 |     5 ||    16
 Stab: Sleeping          |       |       |     1 |     1 ||     2
Armor: Robe              |     4 |     5 |       |       ||     9
       Leather armour    |       |     3 |    12 |    17 ||    32
Dodge: Dodged            |    17 |    18 |    52 |    63 ||   150

Table legend: (Time is in decaauts)
 A = Elapsed time spent in this place.
 B = Non-inter-level travel time spent in this place.
 C = Inter-level travel time spent in this place.
 D = Time resting spent in this place.
 E = Time spent auto-exploring this place.
 F = Levels seen in this place.
 G = Mean time per level.
                   A        B        C        D        E       F      G
               +--------+--------+--------+--------+--------+-----+--------+
         Total |  13027 |  12181 |    846 |   2147 |   6718 |  11 | 1184.3 |
       Dungeon |  12651 |  11841 |    810 |   2057 |   6619 |   9 | 1405.7 |
        Temple |     98 |     62 |     36 |      0 |     37 |   1 |   98.0 |
        Bailey |    278 |    278 |      0 |     90 |     61 |   1 |  278.0 |
               +--------+--------+--------+--------+--------+-----+--------+

Top non-repeatable levels by time:
     D:8: 2544 daAuts
     D:3: 2143 daAuts
     D:2: 1864 daAuts
     D:4: 1261 daAuts
     D:5: 1201 daAuts
     D:9: 1137 daAuts
     D:1: 1041 daAuts
     D:6: 834 daAuts
     D:7: 622 daAuts
  Bailey: 278 daAuts
  Temple: 98 daAuts
